 Dungeon Crawl Stone Soup version 0.28.0-49-g6dfe1f597d (console) character file.

Game seed: 16473847721892447875

1624 Faeu the Skirmisher (level 8, -9/73 HPs)
             Began as a Minotaur Berserker on May 16, 2022.
             Was an Elder of Trog.
             Mangled by a thrashing horror (13 damage)
             ... on level 2 of the Abyss.
             The game lasted 00:09:41 (6887 turns).

Faeu the Skirmisher (Minotaur Berserker)            Turns: 6887, Time: 00:09:41

Health: -9/73      AC: 11    Str: 23    XL:     8   Next: 65%
Magic:  7/7        EV: 10    Int:  4    God:    Trog [****..]
Gold:   202        SH:  0    Dex: 11    Spells: 7/7 levels left

rFire   . . .      SeeInvis .   m - +2 hand axe (elec) {axe}
rCold   . . .      Faith    .   (no shield)
rNeg    . . .      Spirit   .   n - +0 chain mail
rPois   .          Reflect  .   (helmet restricted)
rElec   .          Harm     .   (no cloak)
rCorr   .          Rampage  .   y - +0 pair of gloves
Will    .....                   (no boots)
Stlth   ..........              (no amulet)
HPRegen 0.22/turn               (no ring)
MPRegen 0.10/turn               (no ring)

@: on berserk cooldown, slowed, very slow
A: horns 2, retaliatory headbutt
a: Renounce Religion, Berserk, Trog's Hand, Brothers in Arms


You were on level 2 of the Abyss.
You worshipped Trog.
Trog was greatly pleased with you.
You visited 1 branch of the dungeon, and saw 7 of its levels.
You visited the Abyss 1 time.
You also visited: Ossuary.

You collected 202 gold pieces.


Innate Abilities, Weirdness & Mutations

You have a pair of horns on your head.
You reflexively headbutt those who attack you in melee.


   Skills:
 + Level 7.5 Fighting
 + Level 7.5 Axes
 + Level 7.0 Armour
 + Level 6.3 Dodging


You had 7 spell levels left.
You didn't know any spells.
Your spell library contained the following spells:

 Spells                   Type           Power      Damage    Failure   Level
 Sandblast                Erth           0%         2d4       98%         1
 Passwall                 Tmut/Erth      0%         N/A       99%         2
 Stone Arrow              Conj/Erth      0%         3d7       100%        3

Inventory:

Hand Weapons
 a - a +0 hand axe {axe}
 h - a +0 dagger of venom {short}
   (You took it off an orc wizard on level 3 of the Dungeon)
 m - a +2 hand axe of electrocution (weapon) {axe}
   (You took it off an orc on level 4 of the Dungeon)
Armour
 b - a +0 animal skin
 n - a +0 chain mail (worn)
   (You took it off Terence on level 3 of the Dungeon)
 x - a +3 leather armour
   (You found it on level 5 of the Dungeon)
 y - a +0 pair of gloves (worn)
   (You found it on level 5 of the Dungeon)
Scrolls
 c - 3 scrolls of teleportation {unknown}
 d - 2 scrolls of vulnerability {unknown}
 e - 5 scrolls of immolation {unknown}
 g - 2 scrolls of blinking {unknown}
 i - 3 scrolls of magic mapping {unknown}
 j - a scroll of fear {unknown}
 l - 4 scrolls of identify {unknown}
 o - a scroll of amnesia {unknown}
 q - a scroll of brand weapon {unknown}
 u - 2 scrolls of noise {unknown}
 v - a scroll of enchant armour {unknown}
 z - a scroll of fog {unknown}
Potions
 f - 3 potions of heal wounds {unknown}
 k - 2 potions of berserk rage {unknown}
 p - a potion of attraction {unknown}
 r - a potion of resistance {unknown}
 s - a potion of cancellation {unknown}
 t - a potion of curing {unknown}
 w - a potion of brilliance {unknown}

Dungeon Overview and Level Annotations

Branches:
Dungeon (7/15)            Ossuary (visited)
 Temple: D:4-7

Altars:
Fedhas
Nemelex Xobeh
Vehumet
Wu Jian
The Shining One

# . . #.
### .# ..
####.### #
#..#.# #.#
#.
#.X@#...#
#.#...#.###
#...#..##
####.#..#
#.......#
#..####.#
### ## #


You could see a thrashing horror.


Message History

😮 HP[+1]
The white imp hits you but does no damage.
You hit the white imp. The white imp closely misses you.
You barely miss the white imp. You headbutt the white imp!
You kill the white imp!
That felt strangely unrewarding.
You start resting.
A thrashing horror comes into view. 😮 HP[+5]
You regained 5 hp, and now have 50/73 hp.
The thrashing horror tramples you.
You hold your ground!
The thrashing horror tramples you but does no damage. 😮 HP[-3]
You take 3 damage, and now have 47/73 hp.
The thrashing horror closely misses you.
The thrashing horror barely misses you.
You barely miss the thrashing horror. You headbutt the thrashing horror.
The thrashing horror tramples you.
You hold your ground!
The thrashing horror tramples you but does no damage. 😮 HP[-5]
You take 5 damage, and now have 42/73 hp.
You closely miss the thrashing horror.
Your headbutt misses the thrashing horror.
The thrashing horror closely misses you. x2 😮 HP[+1]
The thrashing horror closely misses you.
The thrashing horror barely misses you.
The thrashing horror tramples you but does no damage. x2
You barely miss the thrashing horror.
The thrashing horror completely misses you.
You furiously retaliate!
You headbutt the thrashing horror. The thrashing horror tramples you.
You hold your ground! 😮 HP[-4]
You take 4 damage, and now have 39/73 hp.
You hit the thrashing horror.
The thrashing horror closely misses you.
The thrashing horror tramples you but does no damage.
You hit the thrashing horror.
Your headbutt misses the thrashing horror.
You punch the thrashing horror, but do no damage.
The thrashing horror misses you. The thrashing horror tramples you.
* * * LOW HITPOINT WARNING * * *
You hold your ground!
The thrashing horror tramples you.
* * * LOW HITPOINT WARNING * * *
You hold your ground!
The thrashing horror tramples you but does no damage. 😨 HP[-8]
You take 8 damage, and now have 31/73 hp.
You barely miss the thrashing horror.
Your headbutt misses the thrashing horror.
The thrashing horror tramples you!
* * * LOW HITPOINT WARNING * * *
You hold your ground!
The thrashing horror closely misses you. 😨 HP[-10]
You take 10 damage, and now have 21/73 hp.
The thrashing horror roars!
The thrashing horror tramples you.
* * * LOW HITPOINT WARNING * * *
You hold your ground!
The thrashing horror tramples you.
* * * LOW HITPOINT WARNING * * *
You hold your ground! 😱 HP[-10]
You take 10 damage, and now have 11/73 hp.
A red film seems to cover your vision as you go berserk!
You feel yourself moving faster!
You feel mighty!
The thrashing horror tramples you but does no damage. x2 😱 HP[+6]
You now have 109 max hp (+36).
You regained 6 hp, and now have 17/109 hp.
You feel a strong urge to attack something.
The thrashing horror tramples you but does no damage. x2
The thrashing horror barely misses you.
The thrashing horror tramples you but does no damage.
You slash the thrashing horror! You headbutt the thrashing horror!
The thrashing horror tramples you.
* * * LOW HITPOINT WARNING * * *
You hold your ground!
The thrashing horror completely misses you. 😱 HP[-4]
You take 4 damage, and now have 13/109 hp.
You hit the thrashing horror.
The thrashing horror closely misses you.
The thrashing horror tramples you but does no damage.
The thrashing horror barely misses you.
The thrashing horror tramples you but does no damage. 😱 HP[+1]
You hit the thrashing horror.
Your headbutt misses the thrashing horror.
The thrashing horror tramples you!
* * * LOW HITPOINT WARNING * * *
You stumble backwards! 😱 HP[-8]
You take 8 damage, and now have 6/109 hp.
You feel a strong urge to attack something.
You are no longer berserk.
You are exhausted.
You feel yourself slow down. The thrashing horror tramples you!
You die...

Skill      XL: |  1  2  3  4  5  6  7  8 |
---------------+-------------------------+-----
Fighting       | 4 5 6 7 |  7.5
Axes           | 4 5 6 7 |  7.5
Armour         | 3 4 5 6 7 |  7.0
Dodging        | 3 4 5 6 |  6.3

Action                   |  1- 3 |  4- 6 |  7- 9 || total
-------------------------+-------+-------+-------++-------
Melee: Hand axe          |    65 |   180 |   111 ||   356
       Headbutt          |     6 |    26 |    19 ||    51
       Punch             |       |     2 |     2 ||     4
Invok: Berserk           |     1 |     1 |     4 ||     6
 Stab: Sleeping          |     2 |     1 |       ||     3
Armor: Animal skin       |    14 |     2 |       ||    16
       Chain mail        |       |    37 |    69 ||   106
Dodge: Dodged            |    46 |    80 |    52 ||   178

Levels and vault maps discovered:
D:1:      dpeg_arrival_tiny_e, layout_loops_ring,
          hellmonk_ecumenical_altar_run_dry
D:2:      minmay_alternating_diamond, layout_basic, basic_altar
D:3:      layout_loops_ring, nemelex_spade_bored_becter,
          kennysheep_generic_room_10, uniq_terence, uniq_jessica
D:4:      layout_loops_corners, enter_ossuary_2, hangedman_abyss_or_decor_passed
D:5:      layout_rooms, serial_glass, glass_columns_c, glass_columns_a,
          glass_columns_b, glass_columns_b, glass_columns_a, glass_columns_a
D:6:      layout_rooms, vehumet_crystals, kennysheep_mini_moat
D:7:      layout_basic, lemuel_tele_altar, minmay_temple_entry_mist
Abyss:2:  base: D:1, base:
D:7

Notes
Turn   | Place    | Note
-------+----------+-------------------------------------------
     0 | D:1      | Faeu the Minotaur Berserker began the quest for the Orb.
     0 | D:1      | Reached XP level 1. HP: 19/19 MP: 0/0
     0 | D:1      | magus.rc [v1.9.6]
   108 | D:1      | Found a faded altar of an unknown god.
   204 | D:1      | Reached XP level 2. HP: 27/27 MP: 1/1
   754 | D:2      | Found a glowing golden altar of the Shining One.
   795 | D:2      | Reached skill level 4 in Fighting
   795 | D:2      | Reached skill level 4 in Axes
   799 | D:2      | HP: 6/27 [poisoned by an adder]
   805 | D:2      | Reached skill level 3 in Armour
  1099 | D:2      | Reached XP level 3. HP: 33/33 MP: 2/2
  1957 | D:3      | Noticed Terence
  1968 | D:3      | Killed Terence
  1969 | D:3      | Reached skill level 3 in Dodging
  1969 | D:3      | Reached XP level 4. HP: 23/41 MP: 3/3
  2443 | D:3      | Reached ** piety under Trog
  2665 | D:3      | Reached XP level 5. HP: 39/47 MP: 4/4
  2672 | D:3      | Reached skill level 4 in Armour
  2724 | D:3      | Noticed Jessica
  2731 | D:3      | Killed Jessica
  2732 | D:3      | Reached skill level 5 in Fighting
  2732 | D:3      | Reached skill level 5 in Axes
  2870 | D:3      | Found a sparkling altar of Nemelex Xobeh.
  2932 | D:3      | Reached XP level 6. HP: 22/56 MP: 5/5
  2938 | D:3      | Reached skill level 4 in Dodging
  3948 | D:4      | Found a sand-covered staircase.
  3953 | Ossuary  | Entered an ossuary
  4110 | Ossuary  | Reached *** piety under Trog
  4488 | Ossuary  | Reached **** piety under Trog
  4629 | D:4      | Reached skill level 5 in Armour
  4629 | D:4      | Reached XP level 7. HP: 58/62 MP: 6/6
  5128 | D:5      | Entered Level 5 of the Dungeon
  5183 | D:5      | Reached skill level 6 in Fighting
  5183 | D:5      | Reached skill level 6 in Axes
  5336 | D:5      | Reached skill level 5 in Dodging
  5782 | D:5      | You pick up a book of Geomancy {forbidden} and begin
                  | reading...
  5782 | D:5      | You add the spells Sandblast, Passwall and Stone Arrow to
                  | your library.
  5845 | D:5      | Reached skill level 6 in Armour
  5845 | D:5      | Reached XP level 8. HP: 71/71 MP: 7/7
  6070 | D:6      | Found a radiant altar of Vehumet.
  6155 | D:6      | Reached skill level 7 in Fighting
  6187 | D:6      | Reached skill level 7 in Axes
  6262 | D:6      | Reached skill level 6 in Dodging
  6376 | D:6      | Noticed a troll
  6384 | D:6      | Killed a troll
  6385 | D:6      | Reached skill level 7 in Armour
  6530 | D:6      | Found a blossoming altar of Fedhas.
  6578 | D:7      | Found an ornate altar of the Wu Jian Council.
  6592 | D:7      | You are cast into the Abyss!
  6592 | D:7      | Cast into level 2 of the Abyss (kobold brigand)
  6869 | Abyss:2  | Noticed a thrashing horror
  6879 | Abyss:2  | HP: 16/73 [thrashing horror (5)]
  6885 | Abyss:2  | HP: 6/109 [thrashing horror (8)]
  6887 | Abyss:2  | Mangled by a thrashing horror

Vanquished Creatures
  A troll (D:6)
  A shadow (Abyss:2)
  A water moccasin (D:6)
  A sky beast (D:5)
  2 necrophages
  A centaur (D:5)
  A bullfrog (D:3)
  3 scorpions
  A howler monkey (D:4)
  3 hounds
  A bullfrog zombie (D:6)
  4 orc priests
  A jelly (D:4)
  Jessica (D:3)
  An iguana (D:3)
  Terence (D:3)
  A centaur skeleton (D:6)
  3 orc wizards
  2 killer bee zombies
  A mummy (Ossuary)
  4 adders
  2 white imps
  A worm (D:3)
  A dart slug (D:2)
  19 orcs
  4 spectral bats (Ossuary)
  4 endoplasms
  2 giant cockroaches
  12 gnoll zombies (Ossuary)
  5 goblins
  3 hobgoblins
  A jackal (D:2)
  3 quokkas
  6 ball pythons
  2 bats
  5 bat simulacra (Ossuary)
  6 frilled lizards
  2 goblin simulacra (Ossuary)
  6 goblin zombies (Ossuary)
  5 hobgoblin zombies (Ossuary)
  14 kobolds
  A kobold simulacrum (Ossuary)
  2 kobold zombies (Ossuary)
  5 orc zombies (Ossuary)
  7 rats
  6 rat simulacra (Ossuary)
  3 spectral goblins (Ossuary)
  6 spectral kobolds (Ossuary)
  2 spectral rats (Ossuary)
170 creatures vanquished.

Vanquished Creatures (others)
  A lurking horror (Abyss:2)
1 creature vanquished.

Grand Total: 171 creatures vanquished

Table legend:
 A = Non-vault XP
 B = Vault XP
 C = Vault XP percentage of total XP
 D = Non-vault monster count
 E = Vault monster count
 F = Vault count percentage of total count
                 A         B        C        D         E       F
            +---------+---------+-------+---------+---------+-------
      Total |    2147 |     173 |   7.5 |     102 |      68 |  40.0
            +---------+---------+-------+---------+---------+-------
        D:1 |      23 |       0 |   0.0 |      18 |       0 |   0.0
        D:2 |      30 |       8 |  21.1 |      11 |       5 |  31.2
        D:3 |     331 |      74 |  18.3 |      23 |       3 |  11.5
        D:4 |     186 |       0 |   0.0 |      12 |       0 |   0.0
        D:5 |     734 |       0 |   0.0 |      21 |       0 |   0.0
        D:6 |     838 |       0 |   0.0 |      12 |       0 |   0.0
        D:7 |       5 |       0 |   0.0 |       3 |       0 |   0.0
    Abyss:2 |       0 |       0 |   N/A |       2 |       0 |   0.0
    Ossuary |       0 |      91 | 100.0 |       0 |      60 | 100.0
            +---------+---------+-------+---------+---------+-------

Illustrated notes

Table legend:
 A = Kills in this place as a percentage of kills in entire the game.
 B = Kills by you in this place as a percentage of kills by you in the entire game.
 C = Kills by friends in this place as a percentage of kills by friends in the entire game.
 D = Other kills in this place as a percentage of other kills in the entire game.
 E = Experience gained in this place as a percentage of experience gained in the entire game.
 F = Experience gained in this place divided by the number of levels of this place that you have seen.
                   A       B       C       D       E      F
               +-------+-------+-------+-------+-------+----------------------
         Total | 100.0 | 100.0 |   N/A |   N/A | 100.0 | 257.8
       Dungeon |  63.5 |  63.5 |   N/A |   N/A |  96.1 | 318.4
         Abyss |   1.2 |   1.2 |   N/A |   N/A |   0.0 |   0.0
       Ossuary |  35.3 |  35.3 |   N/A |   N/A |   3.9 |  91.0
               +-------+-------+-------+-------+-------+----------------------

Table legend: (Time is in decaauts)
 A = Elapsed time spent in this place.
 B = Non-inter-level travel time spent in this place.
 C = Inter-level travel time spent in this place.
 D = Time resting spent in this place.
 E = Time spent auto-exploring this place.
 F = Levels seen in this place.
 G = Mean time per level.
                   A        B        C        D        E       F      G
               +--------+--------+--------+--------+--------+-----+--------+
         Total |   6947 |   6729 |    218 |   1030 |   4659 |   9 |  771.9 |
       Dungeon |   6080 |   5862 |    218 |    643 |   4411 |   7 |  868.6 |
         Abyss |    307 |    307 |      0 |    254 |      0 |   1 |  307.0 |
       Ossuary |    559 |    559 |      0 |    133 |    248 |   1 |  559.0 |
               +--------+--------+--------+--------+--------+-----+--------+

Top non-repeatable levels by time:
     D:3: 1814 daAuts
     D:2: 1201 daAuts
     D:5: 940 daAuts
     D:4: 867 daAuts
     D:1: 721 daAuts
 Ossuary: 559 daAuts
     D:6: 499 daAuts
 Abyss:2: 307 daAuts
     D:7: 36 daAuts
